 Dungeon Crawl Stone Soup version 0.30.1-3-gfc49f6343a (webtiles) character file.

Game seed: 4974622350988837327

58 javelincjr the Trooper (level 3, -3/29 HPs)
             Began as a Demonspawn Fighter on July 24, 2023.
             Slain by Robin
             ... wielding a +0 mace
              (6 damage)
             ... on level 2 of the Dungeon.
             The game lasted 00:02:25 (975 turns).

javelincjr the Trooper (Demonspawn Fighter)          Turns: 975, Time: 00:02:25

Health: -3/29      AC:  6    Str: 18    XL:     3   Next: 76%
Magic:  3/3        EV:  9    Int:  9    God:
Gold:   19         SH:  9    Dex: 12    Spells: 2/2 levels left

rFire   . . .        k - +2 dagger (pain)
rCold   . . .        c - +0 buckler
rNeg    . . .        b - +0 scale mail
rPois   .            (no helmet)
rElec   .            (no cloak)
rCorr   .            (no gloves)
SInv    .            (no boots)
Will    .....        i - amulet of reflection Stlth
                     (no ring)
HPRegen 0.24/turn    (no ring)
MPRegen 0.08/turn

%: reflection
@: mighty
A: ignite blood 1, spiny 1
a: no special abilities


You were on level 2 of the Dungeon.
You visited 1 branch of the dungeon, and saw 2 of its levels.

You collected 19 gold pieces.

Inventory:

Hand Weapons
 a - a +0 war axe
 k - a +2 dagger of pain (weapon)
Armour
 b - a +0 scale mail (worn)
 c - a +0 buckler (worn)
Jewellery
 i - an amulet of reflection (around neck)
Scrolls
 g - a scroll of magic mapping {unknown}
 j - 2 scrolls of enchant weapon {unknown}
 l - a scroll of amnesia {unknown}
Potions
 e - a potion of mutation {unknown}
 f - a potion of cancellation {unknown}
 h - 3 potions of haste {unknown}


   Skills:
 + Level 3.4 Fighting
 + Level 2.4 Axes
 + Level 3.1 Armour
 + Level 3.2 Shields


You had 2 spell levels left.
You didn't know any spells.
Your spell library was empty.

Dungeon Overview and Level Annotations

Branches:
Dungeon (2/15)

Altars:

Annotations:
D:2 Robin


Innate Abilities, Weirdness & Mutations

Your demonic aura sometimes causes spilled blood to erupt in flames.
You are partially covered in sharp spines.


Message History

The hobgoblin hits you but does no damage.
Robin throws the goblin at you!
You hit Robin.
Robin is heavily wounded.
The goblin no longer looks unusually strong.
The hobgoblin is struck by your spines.
You kill the hobgoblin!
The hobgoblin hits you but does no damage.
The goblin hits you but does no damage.
Robin drinks a potion.
Robin is healed!
You hit Robin.
Robin is lightly wounded.
Robin hits you with a +0 mace.
* * * LOW HITPOINT WARNING * * *
The goblin is struck by your spines. The goblin completely misses you.
The hobgoblin is struck by your spines. The hobgoblin barely misses you.
You barely miss Robin.
Robin is lightly wounded.
You block Robin's attack. The goblin hits you but does no damage.
You block the hobgoblin's attack.
You closely miss Robin.
Robin is lightly wounded.
The hobgoblin no longer looks unusually strong.
Robin roars a battlecry!
The goblins go into a battle-frenzy!
The goblin is struck by your spines.
You kill the goblin!
The hobgoblin barely misses you.
The goblin shoots a sling bullet.
The sling bullet hits you but does no damage.
You barely miss Robin.
Robin is lightly wounded.
Robin is struck by your spines. Robin closely misses you.
The hobgoblin hits you.
* * * LOW HITPOINT WARNING * * *
The hobgoblin is struck by your spines. The hobgoblin hits you.
* * * LOW HITPOINT WARNING * * *
The goblin shoots a sling bullet.
The sling bullet hits you.
* * * LOW HITPOINT WARNING * * *
You feel very mighty all of a sudden. Robin hits you with a +0 mace.
You die...

.##### .#... .# #.
.....#. .#.###.#
.. ......#
.....#.# #.
.....## ##.#.#.#
####.. .>....#
...#.#.# ...#.
.....# .......#
#... .....
####...#
#.#g#g#.#.#
.......#
#.##@gg...#
#####..#
##.##)######
#...#..#####..).g#
#<#.#.........####
#.#..........##
#>#####.######
#.......#
......### #####.#


You could see Robin, 3 hobgoblins and a goblin (strong).

Vanquished Creatures
  2 adders (D:2)
  A dart slug (D:1)
  2 bats
  4 endoplasms
  2 giant cockroaches (D:1)
  9 goblins
  4 hobgoblins
  5 kobolds
  A quokka (D:1)
  2 ball pythons (D:1)
  A frilled lizard (D:1)
  3 rats (D:1)
36 creatures vanquished.

Notes
Turn   | Place    | Note
-------+----------+-------------------------------------------
     0 | D:1      | javelincjr the Demonspawn Fighter began the quest for the
                  | Orb.
     0 | D:1      | Reached XP level 1. HP: 18/18 MP: 1/1
   274 | D:1      | Gained mutation: Your demonic aura sometimes causes spilled
                  | blood to erupt in flames. [demonic ancestry]
   274 | D:1      | Reached XP level 2. HP: 24/24 MP: 2/2
   379 | D:1      | Found a faded altar of an unknown god.
   804 | D:2      | Gained mutation: You are partially covered in sharp spines.
                  | [demonic ancestry]
   804 | D:2      | Reached XP level 3. HP: 29/29 MP: 3/3
   952 | D:2      | Noticed Robin
   975 | D:2      | Slain by Robin

Illustrated notes

Levels and vault maps discovered:
D:1:      dpeg_arrival_connections, layout_loops_corners,
          hellmonk_ecumenical_altar_arch_garden, serial_park_tiny_1
D:2:      layout_basic, st_stairs_4, uniq_robin

Skill      XL: |  1  2 |
---------------+-------+-----
Axes           | 2 |  2.4
Armour         | 3 |  3.1
Shields        | 3 |  3.2
Fighting       | |  3.4

Action                     || total
---------------------------++-------
  Melee: War axe           ||    64
         Dagger            ||    31
    Use: Potion            ||     1
 Armour: Scale mail        ||    50
  Dodge: Dodged            ||    37
  Block: Buckler           ||    44
